 Dungeon Crawl Stone Soup version 0.23.2-1-ga50397a6bc (webtiles) character file.

Game seed: 8325708116736071400

5452 Ordine the Ducker (level 10, -10/57 HPs)
             Began as a Deep Elf Wizard on May 18, 2019.
             Was an Initiate of Sif Muna.
             Engulfed by a cloud of flame (12 damage)
             ... on level 8 of the Dungeon.
             The game lasted 00:42:50 (13057 turns).

Ordine the Ducker (Deep Elf Wizard)                Turns: 13057, Time: 00:42:51

Health: -10/57     AC:  6    Str:  4    XL:     10   Next: 41%
Magic:  18/22      EV: 16    Int: 32    God:    Sif Muna [......]
Gold:   621        SH:  5    Dex: 13    Spells: 12/22 levels left

rFire    . . .     SeeInvis .   D - +2 dagger (venom)
rCold    . . .     Gourm    +   x - +0 buckler
rNeg     . . .     Faith    .   a - +0 robe
rPois    +         Spirit   .   e - +2 hat
rElec    .         Reflect  .   s - +0 cloak
rCorr    .         Harm     .   (no gloves)
MR       +....                  z - +0 pair of boots
Stlth    ++........             j - amulet of the gourmand
HPRegen  0.19/turn              v - +5 ring of intelligence
MPRegen  0.18/turn              b - ring of poison resistance

@: no status effects
A: no striking features
a: Renounce Religion


You were on level 8 of the Dungeon.
You worshipped Sif Muna.
Sif Muna was noncommittal.
You were very full.

You visited 2 branches of the dungeon, and saw 9 of its levels.

You collected 621 gold pieces.

Inventory:

Hand Weapons
 D - a +2 dagger of venom (weapon)
Armour
 a - a +0 robe (worn)
 e - a +2 hat (worn)
 l - the +2 shield of Resistance {rF+ rC+ MR+}
   (You found it on level 8 of the Dungeon)

   It protects you from fire.
   It protects you from cold.
   It affects your resistance to hostile enchantments.
 s - a +0 cloak (worn)
 x - a +0 buckler (worn)
 z - a +0 pair of boots (worn)
Jewellery
 b - a ring of poison resistance (right hand)
 j - an amulet of the gourmand (around neck)
 v - a +5 ring of intelligence (left hand)
 w - an uncursed ring of protection from magic
Wands
 p - a wand of flame (47)
 r - a wand of disintegration (14)
 u - a wand of iceblast (7)
Scrolls
 c - 5 scrolls of teleportation
 q - a scroll of immolation
 y - a scroll of enchant weapon
 A - a scroll of identify
 B - a scroll of magic mapping
 C - a scroll of remove curse
Potions
 f - 4 potions of curing
 g - 3 potions of flight
 h - 2 potions of lignification
 i - a potion of berserk rage
 k - a potion of mutation
 m - a potion of agility
 n - 3 potions of brilliance
 t - 2 potions of might
Comestibles
 d - 18 rations
 o - 4 chunks of flesh


   Skills:
 + Level 4.2 Fighting
 + Level 6.0 Short Blades
 + Level 7.0 Dodging
 - Level 3.0 Stealth
 - Level 4.0 Shields
 + Level 6.7 Spellcasting
 + Level 6.6 Conjurations
   Level 1.1 Summonings
 - Level 3.0 Translocations
 + Level 3.7 Fire Magic
 + Level 3.6 Air Magic
 + Level 5.8 Evocations


You had 12 spell levels left.
You knew the following spells:

 Your Spells              Type           Power        Failure   Level  Hunger
a - Magic Dart            Conj           ####         1%          1    None
b - Blink                 Tloc           N/A          1%          2    None
c - Conjure Flame         Conj/Fire      #####...     1%          3    None
d - Mephitic Cloud        Conj/Pois/Air  ####....     3%          3    None
h - Apportation           Tloc           ####..       1%          1    None

Your spell library contained the following spells:

 Spells                   Type           Power        Failure   Level  Hunger
 Summon Small Mammal      Summ           ###.         2%          1    None
 Animate Skeleton         Necr           N/A          4%          1    None
 Confusing Touch          Hex            ##....       4%          1    None
 Call Imp                 Summ           ###.....     4%          2    None
 Slow                     Hex            ##......     6%          2    None


Dungeon Overview and Level Annotations

Branches:
Dungeon (8/15)             Temple (1/1) D:7
   Lair: D:8-11

Altars:
Ashenzari
Cheibriados
Dithmenos
Elyvilon
Fedhas
Gozag
Hepliaklqana
Kikubaaqudgha
Makhleb
Nemelex Xobeh
Qazlal
Ru
Sif Muna
Trog
Uskayaw
Vehumet
Wu Jian
Xom
Yredelemnul
Zin
The Shining One

Shops:
D:4 ?   D:5 ((   D:6 :

Annotations:
D:2 1 exclusion
D:8 Foic's ghost, novice GnWz


Message History

Press: ? - help, Shift-Dir - straight line The magic dart hits the kobold demonologist but does no damage.
The kobold demonologist is severely wounded.
The ice devil hits you! The ice devil freezes you!
The kobold demonologist misses you.
Casting: Magic Dart (safe; 1% risk of failure)
Confirm with . or Enter, or press ? or * to list all spells.
Aiming: Magic Dart (safe; 1% risk of failure)
Press: ? - help, Shift-Dir - straight line The magic dart hits the kobold demonologist.
The kobold demonologist is almost dead.
The ice devil hits you! The ice devil freezes you!
* * * LOW HITPOINT WARNING * * *
You block the kobold demonologist's attack.
Unknown command.
Unknown command.
Casting: Magic Dart (safe; 1% risk of failure)
Confirm with . or Enter, or press ? or * to list all spells.
You blink.
You are engulfed in blazing flames.
You die...

### #.# #.#
#.###########
#KK@K§4..(..#
#K#########.#
#####.##### #.#
#....KK...# #.#
#.##K4K##.# #.#
###.5K..### #.#
#..#K#K.### #.#
#♣.#K#.♣#'####.#
..#.#..#......#


You could see an ice devil, a kobold demonologist and 3 big kobolds.

Vanquished Creatures
  Pikel (D:6)
  The ghost of Mrkan the Cudgeler, a novice GrFi (D:4)
  A hippogriff (D:8)
  A yak (D:7)
  A human (D:7)
  3 hogs (D:7)
  A hungry ghost (D:6)
  2 orc warriors (D:7)
  A black bear (D:7)
  2 phantoms (D:8)
  7 ogres
  8 centaurs
  A big kobold (D:8)
  4 bullfrogs
  A scorpion (D:5)
  4 wights (D:8)
  4 electric eels (D:6)
  5 crimson imps
  A centaur zombie (D:8)
  A bullfrog zombie (D:6)
  4 hounds
  3 jellies
  2 centaur skeletons
  An orc priest (D:8)
  A bullfrog skeleton (D:5)
  9 orc wizards
  Jessica (D:8)
  2 iguanas
  8 worker ants
  A killer bee zombie (D:6)
  3 hound skeletons
  7 gnolls
  6 adders
  A shadow imp (D:5)
  An ooze (D:1)
  An adder zombie (D:5)
  An adder skeleton (D:5)
  5 worms
  16 dart slugs
  6 leopard geckos
  18 orcs
  A ball python (D:1)
  7 giant cockroaches
  9 goblins
  5 hobgoblins
  14 jackals
  6 quokkas
  5 bats
  7 frilled lizards
  3 kobolds
  2 leopard gecko skeletons
  4 quokka skeletons
  5 rats
215 creatures vanquished.

Vanquished Creatures (others)
  2 slaves (D:7)
  An orc wizard (D:7)
  2 orcs (D:7)
  A giant cockroach (D:7)
  3 fungi
  2 plants (D:8)
  4 toadstools (D:7)
15 creatures vanquished.

Grand Total: 230 creatures vanquished

Notes
Turn   | Place    | Note
-------+----------+-------------------------------------------
     0 | D:1      | Ordine the Deep Elf Wizard began the quest for the Orb.
     0 | D:1      | Reached XP level 1. HP: 10/10 MP: 7/7
   175 | D:1      | Reached XP level 2. HP: 12/15 MP: 3/9
   196 | D:1      | Learned a level 2 spell: Blink
   524 | D:1      | Reached XP level 3. HP: 19/19 MP: 6/11
   529 | D:1      | Learned a level 3 spell: Conjure Flame
   533 | D:1      | Learned a level 3 spell: Mephitic Cloud
   970 | D:2      | Noticed an ogre
  1060 | D:2      | Reached skill level 3 in Dodging
  1077 | D:2      | Noticed a bullfrog
  1189 | D:2      | Killed an ogre
  1189 | D:2      | Reached skill level 5 in Spellcasting
  1189 | D:2      | Reached skill level 1 in Fire Magic
  1189 | D:2      | Reached skill level 1 in Air Magic
  1189 | D:2      | Reached XP level 4. HP: 24/24 MP: 0/13
  1341 | D:2      | Found an ornate altar of the Wu Jian Council.
  1386 | D:2      | Reached XP level 5. HP: 28/28 MP: 10/14
  1941 | D:3      | Found an opulent altar of Gozag.
  2908 | D:4      | Found a runed translucent gate.
  2948 | D:4      | Reached XP level 6. HP: 32/32 MP: 6/16
  3015 | D:4      | Got an ichor-stained leather armour
  3378 | D:4      | Identified the cursed +0 leather armour "Oruilip" {rN+}
                  | (You found it on level 4 of the Dungeon)
  3469 | D:4      | Found a runed translucent gate.
  3679 | D:4      | Found Ominguts's Magic Scroll Emporium.
  3733 | D:4      | Found a runed translucent gate.
  3734 | D:4      | Found an opulent altar of Gozag.
  3735 | D:4      | Noticed Mrkan's ghost (novice GrFi)
  3996 | D:5      | Entered Level 5 of the Dungeon
  4171 | D:5      | Reached XP level 7. HP: 16/36 MP: 0/17
  4489 | D:5      | Found Weotuad's Weapon Emporium.
  4611 | D:5      | Reached skill level 1 in Short Blades
  4611 | D:5      | Reached skill level 1 in Evocations
  4712 | D:5      | Found Wacesein's Antique Weapon Shoppe.
  4788 | D:5      | Learned a level 1 spell: Apportation
  5178 | D:5      | Reached skill level 1 in Fighting
  5410 | D:5      | Reached skill level 5 in Conjurations
  5985 | D:5      | HP: 1/38 [poisoned by a worker ant]
  6870 | D:6      | Reached XP level 8. HP: 40/43 MP: 8/19
  6888 | D:6      | Found a snail-covered altar of Cheibriados.
  7100 | D:6      | Reached skill level 4 in Dodging
  7291 | D:6      | Found Foigin's Book Emporium.
  7991 | D:6      | Reached skill level 1 in Shields
  8619 | D:7      | Noticed Pikel
  8634 | D:6      | Reached skill level 5 in Dodging
  8690 | D:6      | Killed Pikel
  8690 | D:6      | Reached XP level 9. HP: 35/49 MP: 2/20
  9284 | D:7      | Reached skill level 5 in Short Blades
  9404 | D:7      | Reached skill level 6 in Dodging
  9412 | D:7      | Reached skill level 5 in Evocations
  9957 | D:7      | Found a staircase to the Ecumenical Temple.
  9963 | Temple   | Entered the Ecumenical Temple
 10800 | D:7      | Reached XP level 10. HP: 45/56 MP: 0/21
 11788 | D:8      | Found the +2 shield of Resistance {rF+ rC+ MR+}
 11832 | D:8      | Found a sacrificial altar of Ru.
 11834 | D:8      | Found a basalt altar of Yredelemnul.
 12044 | D:8      | Found a shadowy altar of Dithmenos.
 12175 | D:8      | Found a white marble altar of Elyvilon.
 12175 | D:8      | Found a glowing golden altar of the Shining One.
 12247 | D:8      | Noticed Jessica
 12249 | D:8      | Killed Jessica
 12264 | D:8      | Found a deep blue altar of Sif Muna.
 12272 | D:8      | Became a worshipper of Sif Muna the Loreminder
 12448 | D:8      | Found a runed translucent gate.
 12448 | D:8      | Found a runed translucent gate.
 12448 | D:8      | Noticed Foic's ghost (novice GnWz)
 12451 | D:8      | Found a runed translucent gate.
 12508 | D:8      | Found a radiant altar of Vehumet.
 12597 | D:8      | Reached skill level 7 in Dodging
 12835 | D:4      | Killed Mrkan's ghost
 13036 | D:8      | Noticed a sixfirhy
 13056 | D:8      | HP: 2/57 [ice devil[a kobold demonologist] (16)]
 13057 | D:8      | Engulfed by a cloud of flame

Skill      XL: |  1  2  3  4  5  6  7  8  9 10 |
---------------+-------------------------------+-----
Conjurations   | 2 3 4 5 6 |  6.6
Stealth        | 3 |  3.0
Dodging        | 3 5 6 7 |  7.0
Spellcasting   | 5 6 |  6.7
Translocations | 2 3 |  3.0
Fire Magic     | 1 2 3 |  3.7
Air Magic      | 1 2 3 |  3.6
Short Blades   | 2 4 5 6 |  6.0
Evocations     | 2 4 5 |  5.8
Fighting       | 1 2 3 4 |  4.2
Shields        | 2 4 |  4.0
Summonings     | |  1.1

Action                   |  1- 3 |  4- 6 |  7- 9 | 10-12 || total
-------------------------+-------+-------+-------+-------++-------
Melee: Unarmed           |     7 |       |       |       ||     7
       Dagger            |    19 |    18 |    34 |    96 ||   167
 Cast: Magic Dart        |    82 |   168 |   353 |   172 ||   775
       Conjure Flame     |     1 |     5 |    14 |     8 ||    28
       Mephitic Cloud    |     1 |     3 |    29 |     4 ||    37
       Blink             |       |       |    19 |     2 ||    21
  Use: Potion            |     1 |       |     1 |     2 ||     4
       Scroll            |       |    13 |     8 |     1 ||    22
 Stab: Confused          |       |       |     4 |     1 ||     5
  Eat: Chunk             |     1 |     6 |    20 |     9 ||    36
       Ration            |       |     1 |     2 |       ||     3
Armor: Robe              |    11 |     2 |    22 |    15 ||    50
Dodge: Dodged            |    34 |    20 |   122 |    88 ||   264
Block: Buckler           |       |       |    16 |    34 ||    50
